 Dungeon Crawl Stone Soup version 0.28.0-43-g3370ac3207 (webtiles) character file.

Game seed: 15331960166433434394

341 issech the Cudgeller (level 6, -1/61 HPs)
             Began as a Troll Monk on Mar 26, 2022.
             Slain by an orc wizard
             ... wielding a +0 trident
              (5 damage)
             ... on level 3 of the Dungeon.
             The game lasted 00:10:01 (2718 turns).

issech the Cudgeller (Troll Monk)                   Turns: 2718, Time: 00:10:02

Health: -1/61      AC:  4    Str: 20    XL:     6   Next: 30%
Magic:  5/5        EV: 11    Int:  6    God:
Gold:   79         SH:  5    Dex: 14    Spells: 5/5 levels left

rFire   + . .      SeeInvis .   v - +0 giant spiked club
rCold   . . .      Faith    .   (shield currently unavailable)
rNeg    . . .      Spirit   .   b - +0 robe
rPois   .          Reflect  +   (helmet restricted)
rElec   .          Harm     .   (no cloak)
rCorr   .          Rampage  .   (gloves unavailable)
Will    .....                   (boots unavailable)
Stlth   ++........              o - amulet of reflection
HPRegen 1.00/turn               n - ring of protection from fire
MPRegen 0.09/turn               (no ring)

@: no status effects
A: large, unfitting armour, claws 3, regeneration 1, shaggy fur 1, tough skin 1
a: no special abilities


You were on level 3 of the Dungeon.
You visited 1 branch of the dungeon, and saw 3 of its levels.

You collected 79 gold pieces.

Inventory:

Hand Weapons
 a - a +0 mace
 k - a +0 flail
 t - a +0 hunting sling of flaming
 v - a +0 giant spiked club (weapon)
 x - a +0 dagger of holy wrath
 y - a +1 short sword of speed
Missiles
 c - 29 bolts
 d - 17 sling bullets
 g - 38 stones (quivered)
Armour
 b - a +0 robe (worn)
 z - a +0 animal skin
Jewellery
 n - a ring of protection from fire (left claw)
 o - an amulet of reflection (around neck)
Scrolls
 e - 2 scrolls of immolation {unknown}
 f - 4 scrolls of fog {unknown}
 l - a scroll of holy word {unknown}
 m - 3 scrolls of identify {unknown}
 p - a scroll of vulnerability {unknown}
 r - a scroll of fear {unknown}
Potions
 h - a potion of degeneration {unknown}
 i - 3 potions of flight {unknown}
 j - 5 potions of curing {unknown}
 q - a potion of invisibility {unknown}
 s - a potion of haste {unknown}
 u - 3 potions of attraction {unknown}
 w - a potion of might {unknown}


   Skills:
 + Level 3.3 Fighting
 + Level 4.5 Maces & Flails
 + Level 3.7 Dodging
 + Level 1.3 Stealth
 + Level 1.1 Shields


You had 5 spell levels left.
You didn't know any spells.
Your spell library was empty.

Dungeon Overview and Level Annotations

Branches:
Dungeon (3/15)

Altars:
Ashenzari

Shops:
D:1 (   D:3 [


Innate Abilities, Weirdness & Mutations

You are too large for most types of armour.
You have claws for hands.
Your natural rate of healing is unusually fast.
You are covered in fur. (AC +1)
You have tough skin. (AC +1)


Message History

You barely miss something.
Something hits you but does no damage. x2
You barely miss something. Something hits you. x2
* * * LOW HITPOINT WARNING * * *
You miss something. Something hits you.
* * * LOW HITPOINT WARNING * * *
You closely miss something. Something hits you but does no damage.
Something hits you.
* * * LOW HITPOINT WARNING * * *
You miss something.
An orc wizard appears from thin air!
Reactivating autopickup.
The orc wizard gestures at you while chanting.
You resist with some effort.
You hit the orc wizard but do no damage.
You block the orc wizard's attack.
The orc wizard casts a spell.
The orc wizard flickers and vanishes!
Deactivating autopickup; reactivate with Ctrl-A.
You barely miss something.
You hear some strange, mumbled words.
A magic dart appears from out of thin air!
The magic dart hits you.
* * * LOW HITPOINT WARNING * * *
You miss something. Something hits you.
* * * LOW HITPOINT WARNING * * *
Something hits you!
* * * LOW HITPOINT WARNING * * *
You hit something. Something hits you but does no damage.
You miss something. Something hits you.
* * * LOW HITPOINT WARNING * * *
You hear some strange, mumbled words.
A puff of flame appears from out of thin air!
The puff of flame hits you. You resist.
* * * LOW HITPOINT WARNING * * *
You barely miss something. Something hits you but does no damage.
Something hits you.
* * * LOW HITPOINT WARNING * * *
You closely miss something. Something hits you.
* * * LOW HITPOINT WARNING * * *
You miss something. Something hits you.
You die...

.......... #.#
....###### #.#
......... #.#
....############.##
...........{......#
##.####.######.#.##
#.#....#......#.##
#.#.##........{..#
#.#......###..#@##
....>......###.#.#
########.......#.#
#8.§§.§#########.#
#..§≈§...........#
#.≈§§§≈..#########
#∩≈≈§§≈..#
#.≈≈§≈§.##
#..≈≈≈..##


There were no monsters in sight!

Vanquished Creatures
  A sky beast (D:3)
  An ogre (D:3)
  An orc wizard (D:3)
  Robin (D:3)
  3 gnolls (D:3)
  3 adders
  A worm (D:2)
  A dart slug (D:2)
  2 orcs (D:3)
  2 endoplasms (D:1)
  2 giant cockroaches (D:2)
  4 hobgoblins
  4 jackals (D:1)
  4 kobolds
  2 quokkas
  5 ball pythons
  5 bats
  5 frilled lizards
  9 goblins
  21 rats
77 creatures vanquished.

Vanquished Creatures (others)
  A plant (D:1)
1 creature vanquished.

Grand Total: 78 creatures vanquished

Notes
Turn   | Place    | Note
-------+----------+-------------------------------------------
     0 | D:1      | issech the Troll Monk began the quest for the Orb.
     0 | D:1      | Reached XP level 1. HP: 22/22 MP: 0/0
   338 | D:1      | Reached XP level 2. HP: 24/29 MP: 1/1
   341 | D:1      | Reached skill level 3 in Maces & Flails
   485 | D:1      | Found Qaoceyph's Antique Weapon Emporium.
   542 | D:1      | Found a faded altar of an unknown god.
   759 | D:2      | Reached XP level 3. HP: 36/36 MP: 2/2
  1887 | D:3      | Reached XP level 4. HP: 45/45 MP: 3/3
  2038 | D:3      | Noticed an ogre
  2077 | D:3      | Killed an ogre
  2078 | D:3      | Reached skill level 4 in Maces & Flails
  2078 | D:3      | Reached XP level 5. HP: 52/53 MP: 4/4
  2126 | D:3      | Noticed a sky beast
  2211 | D:3      | Killed a sky beast
  2212 | D:3      | Reached skill level 1 in Shields
  2408 | D:3      | Reached XP level 6. HP: 61/61 MP: 5/5
  2466 | D:3      | Found Yrphas's Armour Shop.
  2467 | D:3      | Noticed Robin
  2545 | D:3      | Killed Robin
  2633 | D:3      | Found a broken altar of Ashenzari.
  2716 | D:3      | HP: 3/61 [something (4)]
  2718 | D:3      | Slain by an orc wizard

Illustrated notes

Levels and vault maps discovered:
D:1:      dpeg_arrival_refuge, layout_rooms, serial_shops, shop,
          shapermc_ecumenical_altar_mp_vishouse, serial_forest,
          infiniplex_forest_zigzag_1, infiniplex_forest_diagonal,
          infiniplex_forest_clump_C, infiniplex_forest_lined_2,
          infiniplex_forest_split, infiniplex_forest_straight_4,
          infiniplex_forest_clump_curved
D:2:      minmay_skewed_foursquare, layout_loops_ring, minmay_rat_hole
D:3:      layout_basic, mainiacjoe_overflow_alcove_1, general_overflow_altar,
          cheibrodos_ashenzari_chains, gup_sewer_entry_spiral, serial_shops,
          nicolae_lakefront_shop, uniq_robin

Skill      XL: |  1  2  3  4  5 |
---------------+----------------+-----
Maces & Flails | 3 4 |  4.5
Fighting       | 3 |  3.3
Dodging        | 3 |  3.7
Shields        | 1 |  1.1
Stealth        | |  1.3

Action                   |  1- 3 |  4- 6 || total
-------------------------+-------+-------++-------
Melee: Mace              |    11 |       ||    11
       Flail             |   140 |    14 ||   154
       Punch             |     2 |       ||     2
       Giant spiked club |       |   117 ||   117
Throw: Stone             |       |     1 ||     1
 Stab: Sleeping          |     1 |     1 ||     2
Armor: Robe              |    73 |    40 ||   113
Dodge: Dodged            |   128 |    55 ||   183
Block: Other             |    29 |    29 ||    58
